 Dungeon Crawl Stone Soup version 0.24.0-1-gfbc8707 (webtiles) character file.

Game seed: 13044219632783303154, levelgen mode: deterministic

42 Fang the Skirmisher (level 3, -4/36 HPs)
             Began as a Gargoyle Berserker on Oct 31, 2019.
             Was a Follower of Trog.
             Slain by Terence
             ... wielding a +0 hand axe
              (11 damage)
             ... on level 2 of the Dungeon.
             The game lasted 00:00:34 (707 turns).

Fang the Skirmisher (Gargoyle Berserker)             Turns: 707, Time: 00:00:35

Health: -4/36      AC:  5    Str: 26    XL:     3   Next: 54%
Magic:  3/3        EV: 12    Int:  7    God:    Trog [*.....]
Gold:   56         SH:  0    Dex:  9    Spells: 2/2 levels left

rFire    . . .     SeeInvis .   a - +0 hand axe
rCold    . . .     Gourm    .   (no shield)
rNeg     + . .     Faith    .   b - +0 animal skin
rPois    ∞         Spirit   .   (no helmet)
rElec    +         Reflect  .   (no cloak)
rCorr    .         Harm     .   (no gloves)
MR       .....                  (no boots)
Stlth    ..........             (no amulet)
HPRegen  0.12/turn              (no ring)
MPRegen  0.08/turn              (no ring)

@: berserking (expiring), very quick
A: negative energy resistance 1, electricity resistance, unbreathing,
petrification resistance, rot immunity, AC +3
a: Berserk, Renounce Religion


You were on level 2 of the Dungeon.
You worshipped Trog.
Trog was aware of your devotion.
You were not hungry.

You visited 1 branch of the dungeon, and saw 2 of its levels.

You collected 56 gold pieces.

Inventory:

Hand Weapons
 a - a +0 hand axe (weapon)
Armour
 b - a +0 animal skin (worn)
Jewellery
 e - an uncursed amulet of harm {unknown}
Scrolls
 d - 4 scrolls of teleportation {unknown}
 g - 2 scrolls of identify {unknown}
 i - a scroll of fog {unknown}
Potions
 h - 2 potions of berserk rage
 j - a potion of resistance {unknown}
Comestibles
 c - 4 rations
 f - 3 chunks of flesh


   Skills:
 + Level 3.7 Fighting
 + Level 3.1 Axes
 + Level 2.8 Armour
 + Level 2.0 Dodging


You had 2 spell levels left.
You didn't know any spells.
Your spell library was empty.

Dungeon Overview and Level Annotations

Branches:
Dungeon (2/15)

Altars:
Okawaru

Annotations:
D:2 Terence


Innate Abilities, Weirdness & Mutations

You are resistant to torment.
Your stone body is resilient. (AC +3)
You are immune to poison.
You resist negative energy. (rN+)
You are resistant to electric shocks. (rElec)
You can survive without breathing.
You are immune to petrification.
You are immune to rotting.


Message History

You hit the kobold. Terence hits you with a +0 hand axe.
The kobold closely misses you.
You barely miss Terence.
Terence is moderately wounded.
You barely miss the kobold. Terence hits you but does no damage.
You hit Terence.
Terence is heavily wounded.
You hit the kobold.
You kill the kobold!
Trog accepts your kill. Terence hits you with a +0 hand axe!
* * * LOW HITPOINT WARNING * * *
You hit Terence.
Terence is severely wounded.
Terence hits you with a +0 hand axe.
* * * LOW HITPOINT WARNING * * *
You hit Terence.
Terence is severely wounded.
Terence hits you with a +0 hand axe!
You die...

# ########## .........#
.........# .........#
.........# .........#
......).(# ######
......@@.##### #.....
......)†.'...######+####
<........###............
.........# #.........##.
(........# #.........+..
.......%.# #.........###
.........# #.........'..
.........# ##.[......###
.###### #........###


You could see Terence (berserk).

Vanquished Creatures
  An ooze (D:1)
  2 dart slugs (D:1)
  2 leopard geckos (D:1)
  2 bats (D:1)
  4 giant cockroaches (D:1)
  3 goblins
  4 hobgoblins (D:1)
  A frilled lizard (D:1)
  4 kobolds
  5 rats (D:1)
28 creatures vanquished.

Notes
Turn   | Place    | Note
-------+----------+-------------------------------------------
     0 | D:1      | Fang the Gargoyle Berserker began the quest for the Orb.
     0 | D:1      | Reached XP level 1. HP: 14/14 MP: 1/1
    51 | D:1      | Reached XP level 2. HP: 17/19 MP: 2/2
    91 | D:1      | Reached XP level 3. HP: 10/23 MP: 3/3
   648 | D:2      | Found an iron altar of Okawaru.
   693 | D:2      | Noticed Terence
   707 | D:2      | Slain by Terence

Levels and vault maps discovered:
D:1:      dpeg_arrival_prison, layout_rooms
D:2:      layout_basic, overflow_temple_1_default, lemuel_doored_altar,
          okawaru_metal_pillars_1_2, uniq_sigmund, uniq_terence

Skill      XL: |  1  2  3 |
---------------+----------+-----
Axes           | 3 |  3.1
Dodging        | 2 |  2.0
Fighting       | |  3.7
Armour         | |  2.8

Action                   || total
-------------------------++-------
Melee: Hand axe          ||    60
Invok: Berserk           ||     1
Armor: Animal skin       ||    37
Dodge: Dodged            ||    52
